 Dungeon Crawl Stone Soup version 0.32-a0-643-ga006e7742e (webtiles) character file.

Game seed: 6955476588597823119

5358 javelincjr the Fighter (level 10, -8/78 HPs)
             Began as a Djinni Hedge Wizard on Mar 7, 2024.
             Mangled by a basilisk (19 damage)
             ... on level 8 of the Dungeon.
             The game lasted 00:43:05 (8719 turns).

javelincjr the Fighter (Djinni Hedge Wizard)        Turns: 8719, Time: 00:43:06

Health: -8/78      AC:  3    Str: 15    XL:     10   Next: 97%
Gold:   451        EV: 14    Int: 21    God:
                   SH:  0    Dex: 12

rFire   + + .        I - +2 quarterstaff (chaos)
rCold   x . .        (shield currently unavailable)
rNeg    . . .        b - +0 robe
rPois   ∞            c - +0 hat
rElec   .            H - +0 cloak
rCorr   .            (no gloves)
SInv    .            (boots unavailable)
Will    ++...        (no amulet)
Stlth   +++          y - ring of willpower
HPRegen 0.33/turn    B - +6 ring of strength
MPRegen 0.00/turn

%: infuse magic (-9 HP)
@: on blink cooldown, flying
A: sickness immunity, fire resistance 2, cold vulnerability 1, float, innate
caster, HP casting, extra vitality 1, wild magic 1
a: no special abilities


You were on level 8 of the Dungeon.
You visited 2 branches of the dungeon, and saw 9 of its levels.
You also visited: Ossuary.

You collected 451 gold pieces.

Inventory:

Hand Weapons
 a - a +0 dagger
 f - a +0 sling
 C - a +1 morningstar of distortion
 E - a +0 dagger of protection
 G - a +3 spear of venom
 I - a +2 quarterstaff of chaos (weapon)
 T - a +4 dagger of electrocution
 U - a +5 mace
Missiles
 d - 5 datura-tipped darts
 k - 18 poisoned darts
 t - 3 boomerangs
 D - a throwing net
Armour
 b - a +0 robe (worn)
 c - a +0 hat (worn)
 H - a +0 cloak (worn)
 O - a +3 chain mail
Jewellery
 y - a ring of willpower (left hand)
 B - a +6 ring of strength (right hand)
 F - a ring of willpower
 R - a ring of ice
Wands
 q - a wand of polymorph (9)
 r - a wand of light (1)
 N - a wand of digging (4)
 S - a wand of mindburst (10)
 V - a wand of iceblast (8)
Scrolls
 g - a scroll of fog {unknown}
 h - 6 scrolls of vulnerability
 i - a scroll of torment {unknown}
 l - 3 scrolls of revelation {unknown}
 m - 2 scrolls of blinking {unknown}
 o - a scroll of summoning {unknown}
 u - 5 scrolls of teleportation
 v - a scroll of brand weapon {unknown}
 x - a scroll of acquirement {unknown}
 z - 2 scrolls of fear {unknown}
 J - 2 scrolls of enchant weapon {unknown}
 M - a scroll of noise {unknown}
 Q - a scroll of enchant armour {unknown}
Potions
 j - 6 potions of curing
 n - 2 potions of brilliance {unknown}
 p - a potion of haste {unknown}
 s - 3 potions of enlightenment
 w - 2 potions of mutation
 A - a potion of resistance {unknown}
 K - a potion of degeneration {unknown}
 L - a potion of lignification {unknown}
 P - a potion of ambrosia {unknown}


   Skills:
 * Level 9.0 Fighting
 + Level 7.1 Dodging
 + Level 5.8 Stealth
 * Level 7.8 Spellcasting
 * Level 7.8 Conjurations
 * Level 7.8 Hexes
 * Level 7.8 Summonings
 * Level 7.8 Necromancy
 * Level 7.8 Translocations
 * Level 7.8 Fire Magic
 * Level 7.8 Ice Magic
 * Level 7.8 Air Magic
 * Level 7.8 Earth Magic
 * Level 7.8 Alchemy


You knew the following spells:

 Your Spells              Type           Power      Damage    Failure   Level
a - Magic Dart            Conj           100%       1d8       1%          1
b - Slow                  Hex            100%       N/A       1%          1
c - Blink                 Tloc           100%       N/A       1%          2
d - Call Imp              Summ           100%       N/A       1%          2
e - Mephitic Cloud        Conj/Alch/Air  52%        N/A       2%          3
f - Foxfire               Conj/Fire      100%       2x1d9     1%          1
g - Static Discharge      Conj/Air       100%       3-8/arc   1%          2
h - Ensorcelled Hibernat  Hex/Ice        100%       N/A       1%          2
i - Petrify               Alch/Erth      52%        N/A       5%          4
Your spell library was empty.

Dungeon Overview and Level Annotations

Branches:
Dungeon (8/15)             Temple (1/1) D:6         Ossuary (visited)
   Lair: D:8-11

Altars:
Ashenzari
Dithmenos
Elyvilon
Gozag
Hepliaklqana
Nemelex Xobeh
Okawaru
Ru
Trog
Uskayaw
Wu Jian
Xom
Zin
The Shining One

Shops:
D:4 *


Innate Abilities, Weirdness & Mutations

You are immune to sickness and miasma.
You are immune to poison.
Your flesh is very heat resistant. (rF++)
You are vulnerable to cold. (rC-)
You float through the air rather than walking.
You learn spells naturally, not from books.
Your magical power is your life essence.
You have superior vitality. (+4 MHP)
Your spells are a little harder to cast, but a little more powerful.


Message History

Your cerulean imp hits the boulder beetle but does no damage.
You see here a +1 spear of freezing.
You feel ready to blink again.
The boulder beetle seems less confused.
Your cerulean imp hits the boulder beetle but does no damage.
You see here a +0 spear.
You start resting.
A boulder beetle is nearby!
Casting: Blink (safe; 1% risk of failure)
Confirm with . or Enter, or press ? or * to list all spells.
Aiming: Petrify (dangerous; 5% risk of failure)
Press: ? - help, Shift-Dir - straight line, f - boulder beetle
Aim: a boulder beetle (chance to affect: 55%)
The boulder beetle is moving more slowly.
* * * LOW HITPOINT WARNING * * *
The boulder beetle curls into a ball and begins rolling!
Casting: Petrify (dangerous; 5% risk of failure)
Confirm with . or Enter, or press ? or * to list all spells.
A tiny devil pulls itself out of the air.
* * * LOW HITPOINT WARNING * * *
A basilisk comes into view.
The basilisk hisses angrily.
Your cerulean imp hits the boulder beetle with a +1 spear.
The boulder beetle hits your cerulean imp!!
Your cerulean imp dies!
Your cerulean imp disappears in a puff of smoke!
The boulder beetle stops rolling and uncurls.
A gnoll comes into view.
It is wielding a +0 spear and quivering 2 throwing nets.
The boulder beetle stops moving altogether!
A gnoll comes into view. It is wielding a +0 halberd.
The gnoll moves out of view.
The basilisk gazes at you. You resist with almost no effort.
Casting: Call Imp (safe; 1% risk of failure)
Confirm with . or Enter, or press ? or * to list all spells.
You blink.
A gnoll comes into view. It is wielding a +0 halberd.
* * * LOW HITPOINT WARNING * * *
The basilisk bites you!!
You die...

######.###.###.
....
......o<.......
.g.
..#o##5...zzz..
..# ######z...
#.. # z.. #..#
.# $
##.#...###.#
......l....#
#@.# ##.# #.#
#.# #§# .. #B#
#>..#######.#
#....))...#
#.###)#####


You could see a boulder beetle (petrified), a basilisk and a gnoll.

Vanquished Creatures
  Maurice (D:7)
  Joseph (D:7)
  A troll (D:8)
  Prince Ribbit (D:7)
  3 yaks (D:8)
  Menkaure (D:4)
  A steam dragon (D:7)
  3 water moccasins
  An ice beast (D:6)
  A sky beast (D:7)
  3 orc warriors
  An ogre (D:5)
  A centaur (D:8)
  2 phantoms (D:5)
  2 elf zombies (Ossuary)
  2 bullfrogs
  2 gnoll sergeants
  3 scorpions
  3 wights
  5 killer bees (D:6)
  A howler monkey (D:5)
  3 human zombies (Ossuary)
  A centaur zombie (Ossuary)
  2 hounds
  2 jellies (D:5)
  2 orc priests (D:4)
  Crazy Yiuf (D:5)
  2 iguanas
  An orc wizard (D:6)
  2 crocodile zombies (Ossuary)
  2 spectral hounds (Ossuary)
  3 mummies (Ossuary)
  10 gnolls
  11 adders
  2 hound simulacra (Ossuary)
  3 shadow imps
  4 ufetubi (D:5)
  2 spectral adders (Ossuary)
  2 spectral gnolls (Ossuary)
  A ribbon worm (D:2)
  3 dart slugs
  An adder simulacrum (Ossuary)
  11 orcs
  6 bats
  2 endoplasms (D:1)
  5 giant cockroaches
  5 gnoll zombies (Ossuary)
  4 goblins
  4 hobgoblins
  2 jackals (D:3)
  5 quokkas
  7 ball pythons
  4 frilled lizards
  5 gnoll simulacra (Ossuary)
  2 jackal simulacra (Ossuary)
  9 kobolds
  5 kobold zombies (Ossuary)
  4 orc zombies (Ossuary)
  6 rats
  2 spectral jackals (Ossuary)
  A foxfire (D:8)
188 creatures vanquished.

Vanquished Creatures (collateral kills)
  2 yaks (D:8)
  Duvessa (D:4)
  A wight (D:8)
  Dowan (D:4)
  2 bombardier beetles (D:5)
  A human zombie (Ossuary)
  A hound (D:6)
  A mummy (Ossuary)
  An adder (D:5)
  A spectral gnoll (Ossuary)
  An endoplasm (D:3)
  A gnoll zombie (Ossuary)
  A goblin (D:4)
  A kobold zombie (Ossuary)
  A spectral jackal (Ossuary)
  A foxfire (D:5)
18 creatures vanquished.

Vanquished Creatures (others)
  A rat (D:3)
  1086 foxfires
1087 creatures vanquished.

Grand Total: 1293 creatures vanquished

Notes
Turn   | Place    | Note
-------+----------+-------------------------------------------
     0 | D:1      | javelincjr the Djinni Hedge Wizard began the quest for the
                  | Orb.
     0 | D:1      | javelincjr set off with the following spells memorised:
                  | Magic Dart, Slow, Blink, Call Imp, Mephitic Cloud.
     0 | D:1      | Reached XP level 1. HP: 15/15 MP: 0/0
   140 | D:1      | Reached XP level 2. HP: 16/21 MP: 0/0
   342 | D:1      | Reached XP level 3. HP: 21/25 MP: 0/0
   342 | D:1      | Learned a level 1 spell: Foxfire
  1340 | D:2      | Reached skill level 1 in Fighting
  1447 | D:2      | Found a faded altar of an unknown god.
  1456 | D:2      | Prayed at the altar of an unknown god.
  1456 | D:2      | Became a worshipper of Ru the Awakened
  1457 | D:2      | Fell from the grace of Ru
  1616 | D:2      | Reached XP level 4. HP: 28/32 MP: 0/0
  1815 | D:2      | Reached XP level 5. HP: 35/38 MP: 0/0
  1815 | D:2      | Learned a level 2 spell: Static Discharge
  1820 | D:2      | Reached skill level 2 in Fighting
  2319 | D:3      | Noticed an angel
  2323 | D:3      | Found a sparkling altar of Nemelex Xobeh.
  2329 | D:3      | You are sucked into a shaft and drop 2 floors!
  2329 | D:5      | Entered Level 5 of the Dungeon
  2343 | D:5      | Reached XP level 6. HP: 40/45 MP: 0/0
  2369 | D:5      | Noticed an ogre
  2380 | D:5      | Killed an ogre
  2381 | D:5      | Reached skill level 3 in Fighting
  2561 | D:5      | Reached XP level 7. HP: 47/50 MP: 0/0
  2561 | D:5      | Learned a level 2 spell: Ensorcelled Hibernation
  2648 | D:5      | Found a runed translucent door.
  2649 | D:5      | Noticed Crazy Yiuf
  2843 | D:4      | Noticed Dowan
  2848 | D:4      | Noticed Duvessa
  2849 | D:4      | Killed Dowan
  2850 | D:4      | Reached skill level 4 in Fighting
  2860 | D:4      | Killed Duvessa
  2861 | D:4      | Reached XP level 8. HP: 16/58 MP: 0/0
  2996 | D:4      | Found a sand-covered staircase.
  3012 | Ossuary  | Entered an ossuary
  3356 | Ossuary  | Reached skill level 5 in Spellcasting
  3356 | Ossuary  | Reached skill level 5 in Conjurations
  3356 | Ossuary  | Reached skill level 5 in Hexes
  3356 | Ossuary  | Reached skill level 5 in Summonings
  3356 | Ossuary  | Reached skill level 5 in Necromancy
  3356 | Ossuary  | Reached skill level 5 in Translocations
  3356 | Ossuary  | Reached skill level 5 in Fire Magic
  3356 | Ossuary  | Reached skill level 5 in Ice Magic
  3356 | Ossuary  | Reached skill level 5 in Air Magic
  3356 | Ossuary  | Reached skill level 5 in Earth Magic
  3356 | Ossuary  | Reached skill level 5 in Alchemy
  3547 | Ossuary  | Reached skill level 5 in Fighting
  4845 | D:3      | Found a shimmering altar of Xom.
  4847 | D:3      | Found a glowing silver altar of Zin.
  4921 | D:4      | Noticed Menkaure
  4927 | D:4      | Killed Menkaure
  4928 | D:4      | Reached skill level 5 in Dodging
  5055 | D:4      | Reached XP level 9. HP: 62/66 MP: 0/0
  5055 | D:4      | Learned a level 4 spell: Petrify
  5121 | D:4      | Found an opulent altar of Gozag.
  5154 | D:4      | Found Vupluch's General Store.
  5733 | D:5      | Reached skill level 6 in Fighting
  6060 | D:5      | Killed Crazy Yiuf
  6419 | D:6      | Found a staircase to the Ecumenical Temple.
  6430 | Temple   | Entered the Ecumenical Temple
  6555 | D:6      | Found the +18 Lear's hauberk
  7036 | D:7      | Reached skill level 7 in Fighting
  7297 | D:7      | Found a hide-covered altar of Uskayaw.
  7495 | D:7      | Reached skill level 5 in Stealth
  7495 | D:7      | Reached XP level 10. HP: 54/75 MP: 0/0
  7599 | D:7      | Noticed Prince Ribbit
  7609 | D:7      | Killed Prince Ribbit
  7821 | D:7      | Noticed Joseph
  7831 | D:7      | Killed Joseph
  7832 | D:7      | Reached skill level 8 in Fighting
  7990 | D:7      | Noticed Maurice
  8018 | D:7      | Killed Maurice
  8334 | D:8      | Found a broken altar of Ashenzari.
  8339 | D:8      | Saw a vision of the Swamp and the Snake Pit.
  8339 | D:8      | Noticed a naga ritualist
  8339 | D:8      | Noticed a naga mage
  8339 | D:8      | Noticed a goliath frog
  8340 | D:8      | Noticed a naga warrior
  8340 | D:8      | Noticed a bog body
  8341 | D:8      | Noticed a shock serpent
  8341 | D:8      | Noticed a mana viper
  8343 | D:8      | Noticed a mana viper
  8347 | D:8      | Noticed a spriggan rider
  8476 | D:8      | Gained mutation: Your spells are a little harder to cast,
                  | but a little more powerful. [potion of mutation]
  8617 | D:8      | Noticed a boulder beetle
  8667 | D:8      | Reached skill level 9 in Fighting
  8719 | D:8      | Mangled by a basilisk

Illustrated notes

Levels and vault maps discovered:
D:1:      spicycebolla_arrival_xxxplode, layout_basic, grunt_decor_resistance,
          hangedman_decor_peaks_small
D:2:      kennysheep_big_flooded_room, layout_basic,
          nicolae_ecumenical_pavilion, item_on_display_a
D:3:      layout_loops_cross, grunt_temple_overflow_order_and_chaos_1,
          mainiacjoe_overflow_concentric_impassable
D:4:      minmay_general_purpose_star, layout_cave_pools,
          nicolae_gozag_cash_rules_everything_around_me, serial_shops, shop,
          lightli_ossuary_entry_decrepit_ruins, uniq_duvessa, uniq_menkaure
D:5:      layout_rooms, uniq_crazy_yiuf_cottage
D:6:      layout_rooms, minmay_temple_entry_glassed_door
D:7:      layout_rooms, overflow_temple_1_default, mainiacjoe_overflow_paths,
          serial_co_window_serial, co_window_corner_a, co_window_corner_a,
          co_window_corner_a, co_window_paths_a, co_window_of_opportunity_a,
          co_window_broadway_b, co_window_of_opportunity_c,
          co_window_of_opportunity_b, co_window_of_opportunity_b,
          co_window_broadway_a, glass_columns_b, uniq_joseph,
          uniq_prince_ribbit1, uniq_maurice
D:8:      hangedman_cross_veins, layout_loops_ring,
          nicolae_qazlal_style_of_elements, grunt_ashenzari_visionary
          [grunt_ashenzari_visionary_swamp, grunt_ashenzari_visionary_snake],
          minmay_misc_feat_square
Temple:   chequers_temple_sunken

Skill      XL: |  1  2  3  4  5  6  7  8  9 10 |
---------------+-------------------------------+-----
Stealth        | 2 3 4 5 |  5.8
Fighting       | 1 2 3 4 5 7 9 |  9.0
Dodging        | 3 4 5 6 7 |  7.1
Spellcasting   | 4 5 6 7 |  7.8
Conjurations   | 4 5 6 7 |  7.8
Hexes          | 4 5 6 7 |  7.8
Summonings     | 4 5 6 7 |  7.8
Necromancy     | 4 5 6 7 |  7.8
Translocations | 4 5 6 7 |  7.8
Fire Magic     | 4 5 6 7 |  7.8
Ice Magic      | 4 5 6 7 |  7.8
Air Magic      | 4 5 6 7 |  7.8
Earth Magic    | 4 5 6 7 |  7.8
Alchemy        | 4 5 6 7 |  7.8

Action                     |  1- 3 |  4- 6 |  7- 9 | 10-12 || total
---------------------------+-------+-------+-------+-------++-------
  Melee: Dagger            |     4 |     1 |    21 |       ||    26
         Quarterstaff      |       |       |     2 |    21 ||    23
   Cast: Magic Dart        |    38 |       |       |     9 ||    47
         Foxfire           |    48 |    87 |   427 |    81 ||   643
         Call Imp          |     1 |     3 |    24 |    16 ||    44
         Mephitic Cloud    |       |     3 |     2 |    18 ||    23
         Slow              |       |     2 |       |       ||     2
         Ensorcelled Hiber |       |       |     3 |     1 ||     4
         Petrify           |       |       |     3 |     5 ||     8
         Blink             |       |       |     1 |     3 ||     4
 Invoke: Renounce Religion |     1 |       |       |       ||     1
    Use: Scroll            |       |       |       |     5 ||     5
         Potion            |       |       |       |     1 ||     1
   Stab: Distracted        |       |       |     1 |       ||     1
         Petrified         |       |       |       |     3 ||     3
         Confused          |       |       |       |     2 ||     2
 Armour: Robe              |     4 |     3 |    62 |    10 ||    79
  Dodge: Dodged            |     7 |     1 |    47 |    20 ||    75

Table legend: (Time is in decaauts)
 A = Elapsed time spent in this place.
 B = Non-inter-level travel time spent in this place.
 C = Inter-level travel time spent in this place.
 D = Time resting spent in this place.
 E = Time spent auto-exploring this place.
 F = Levels seen in this place.
 G = Mean time per level.
                   A        B        C        D        E       F      G
               +--------+--------+--------+--------+--------+-----+--------+
         Total |   8725 |   8385 |    340 |    930 |   5576 |  10 |  872.5 |
       Dungeon |   7557 |   7217 |    340 |    425 |   5428 |   8 |  944.6 |
        Temple |     51 |     51 |      0 |      0 |      0 |   1 |   51.0 |
       Ossuary |   1116 |   1116 |      0 |    505 |    148 |   1 | 1116.0 |
               +--------+--------+--------+--------+--------+-----+--------+

Top non-repeatable levels by time:
     D:1: 1321 daAuts
     D:7: 1251 daAuts
     D:5: 1191 daAuts
 Ossuary: 1116 daAuts
     D:4: 905 daAuts
     D:3: 890 daAuts
     D:2: 872 daAuts
     D:6: 678 daAuts
     D:8: 445 daAuts
  Temple: 51 daAuts
